 Dungeon Crawl Stone Soup version 0.27-a0-1325-g58a489ad9e (webtiles) character file.

Game seed: 10520773886844604673

7 puppykicker the Vexing (level 1, -1/15 HPs)
             Began as a Vampire Arcane Marksman on June 24, 2021.
             Slain by a quokka (3 damage)
             ... on level 1 of the Dungeon.
             The game lasted 00:01:54 (308 turns).

puppykicker the Vexing (Vampire Arcane Marksman)     Turns: 308, Time: 00:01:54

Health: -1/15      AC:  2    Str:  9    XL:     1   Next: 83%
Magic:  2/2        EV: 12    Int: 15    God:
Gold:   19         SH:  0    Dex: 14    Spells: 1/2 levels left

rFire    . . .     SeeInvis +   (no weapon)
rCold    . . .     Faith    .   (no shield)
rNeg     . . .     Spirit   .   a - +0 robe
rPois    .         Reflect  .   (no helmet)
rElec    .         Harm     .   (no cloak)
rCorr    .         Rampage  .   (no gloves)
Will     .....                  (no boots)
Stlth    +.........             (no amulet)
HPRegen  0.25/turn              (no ring)
MPRegen  0.08/turn              (no ring)

@: healing quickly
A: alive, fangs 3, see invisible, vampiric 1
a: Exsanguinate


You were on level 1 of the Dungeon.
You visited 1 branch of the dungeon, and saw 1 of its levels.

You collected 19 gold pieces.

Inventory:

Missiles
 b - 2 javelins (quivered)
 c - 2 throwing nets
Armour
 a - a +0 robe (worn)
 f - a +0 hat
Scrolls
 d - a scroll of identify {unknown}
 e - a scroll of enchant armour {unknown}


   Skills:
 * Level 1.2 Fighting
 - Level 1.5 Throwing
 + Level 0.1 Armour
 + Level 2.3 Dodging
 + Level 0.4 Stealth
 + Level 1.1 Spellcasting
 + Level 4.5 Hexes


You had one spell level left.
You knew the following spells:

 Your Spells              Type           Power      Damage    Failure   Level
a - Corona                Hex            15%        N/A       3%          1

Your spell library contained the following spells:

 Spells                   Type           Power      Damage    Failure   Level
 Slow                     Hex            14%        N/A       6%          2
 Inner Flame              Hex/Fire       7%         N/A       28%         3
 Portal Projectile        Hex/Tloc       14%        N/A       28%         3
 Cause Fear               Hex            7%         N/A       36%         4
 Leda's Liquefaction      Hex/Erth       3%         N/A       67%         4


Dungeon Overview and Level Annotations

Branches:
Dungeon (1/15)

Altars:

Shops:
D:1 [[


Innate Abilities, Weirdness & Mutations

Your natural rate of healing is accelerated.
You have razor-sharp teeth.
You have supernaturally acute eyesight. (SInv)
You are afflicted with vampirism.


Message History

MASSIVE DAMAGE!!
The giant cockroach bites you but does no damage.
The quokka bites you.
* * * LOW HITPOINT WARNING * * *
You take 2 damage, and have 6/15 hp.
The quokka bites you.
* * * LOW HITPOINT WARNING * * *
You take 3 damage, and have 4/15 hp.
The quokka closely misses you.
The quokka twitches its whiskers.
Throw: 5 javelins
Press: ? - help, Q - select action, (/) - cycle Shift-Dir - straight line, f - goblin
Aim: a goblin, wielding a +0 dagger (50% to hit)
You throw a javelin. The javelin barely misses the quokka.
The javelin closely misses the quokka.
The javelin closely misses the goblin.
The quokka barely misses you. The quokka bites you.
* * * LOW HITPOINT WARNING * * *
You take 4 damage, and have 1/15 hp.
MASSIVE DAMAGE!!
Throw: 4 javelins
Press: ? - help, Q - select action, (/) - cycle Shift-Dir - straight line, f/p - goblin
Aim: a goblin, wielding a +0 dagger (50% to hit)
You throw a javelin.
The javelin pierces through the quokka but does no damage.
The javelin barely misses the quokka.
The javelin closely misses the giant cockroach.
The javelin closely misses the goblin.
The quokka barely misses you.
Throw: 3 javelins
Press: ? - help, Q - select action, (/) - cycle Shift-Dir - straight line, f/p - goblin
Aim: a goblin, wielding a +0 dagger (50% to hit)
You throw a javelin. The javelin pierces through the quokka.
You kill the quokka!
The javelin misses the quokka.
The javelin pierces through the giant cockroach!
You kill the giant cockroach!
The javelin barely misses the goblin.
The quokka bites you.
You die...

####.###.P.P.....##....#
.....##..P∩....((##....#
.........PPP.....##....#
.................###.#.#
........##..g....# #.#.#
........########g# #.#.#
............. #.# #.#.#
.........(... #r# #.#.#
####.......... #@# #.#.#
#.......... #.# #.#.#
#.......... #.# #.#.#
#.......... #.. #.#.#
#..J...... #.. #.#.#
#..... ..........
#...#.#.# .....
#...#.#.# #....
#...#.#.# #.... #.#.#
#....


You could see a quokka and a goblin.

Levels and vault maps discovered:
D:1:      lightli_molten_gateway, layout_basic, serial_shops,
          nicolae_shop_overgrown_old_shop, shop_fountains, shop, shop,
          ebering_ecumenical_altar_abandoned

Notes
Turn   | Place    | Note
-------+----------+-------------------------------------------
     0 | D:1      | puppykicker the Vampire Arcane Marksman began the quest for
                  | the Orb.
     0 | D:1      | Reached XP level 1. HP: 14/14 MP: 2/2
    41 | D:1      | Found Jitex's Armour Shop.
    66 | D:1      | Reached skill level 1 in Fighting
   151 | D:1      | Found a faded altar of an unknown god.
   159 | D:1      | Found Odeodd's Antique Armour Emporium.
   170 | D:1      | HP: 3/15 [hobgoblin (1)]
   171 | D:1      | HP: 1/15 [hobgoblin (2)]
   287 | D:1      | Identified a +0 dagger
   289 | D:1      | Identified a +0 hat
   306 | D:1      | HP: 1/15 [quokka (4)]
   308 | D:1      | Slain by a quokka

Table legend: (Time is in decaauts)
 A = Elapsed time spent in this place.
 B = Non-inter-level travel time spent in this place.
 C = Inter-level travel time spent in this place.
 D = Time resting spent in this place.
 E = Time spent auto-exploring this place.
 F = Levels seen in this place.
 G = Mean time per level.
                   A        B        C        D        E       F      G
               +--------+--------+--------+--------+--------+-----+--------+
         Total |    311 |    311 |      0 |     27 |     97 |   1 |  311.0 |
       Dungeon |    311 |    311 |      0 |     27 |     97 |   1 |  311.0 |
               +--------+--------+--------+--------+--------+-----+--------+

Top non-repeatable levels by time:
     D:1: 311 daAuts

Table legend:
 A = Kills in this place as a percentage of kills in entire the game.
 B = Kills by you in this place as a percentage of kills by you in the entire game.
 C = Kills by friends in this place as a percentage of kills by friends in the entire game.
 D = Other kills in this place as a percentage of other kills in the entire game.
 E = Experience gained in this place as a percentage of experience gained in the entire game.
 F = Experience gained in this place divided by the number of levels of this place that you have seen.
                   A       B       C       D       E      F
               +-------+-------+-------+-------+-------+----------------------
         Total | 100.0 | 100.0 |   N/A |   N/A | 100.0 |  14.0
       Dungeon | 100.0 | 100.0 |   N/A |   N/A | 100.0 |  14.0
               +-------+-------+-------+-------+-------+----------------------

Skill      XL: |  1 |
---------------+----+-----
Fighting       | 1 |  1.2
Throwing       | |  1.5
Armour         | |  0.1
Dodging        | |  2.3
Stealth        | |  0.4
Spellcasting   | |  1.1
Hexes          | |  4.5

Action                   || total
-------------------------++-------
Melee: Unarmed           ||    24
       Bite              ||     3
Throw: Javelin           ||    10
Armor: Robe              ||     1
Dodge: Dodged            ||    26

Vanquished Creatures
  A ball python (D:1)
  A giant cockroach (D:1)
  3 hobgoblins (D:1)
  2 quokkas (D:1)
7 creatures vanquished.

Vanquished Creatures (others)
  A plant (D:1)
1 creature vanquished.

Grand Total: 8 creatures vanquished
